 Dungeon Crawl Stone Soup version 0.27-a0-109-g416527ed24 (webtiles) character file.

Game seed: 4261775394253879790

37 flappity the Skirmisher (level 3, -15/34 HPs)
             Began as a Minotaur Fighter on Jan 25, 2021.
             Engulfed by a cloud of flame (21 damage)
             ... on level 2 of the Dungeon.
             The game lasted 00:00:58 (817 turns).

flappity the Skirmisher (Minotaur Fighter)           Turns: 817, Time: 00:00:59

Health: -15/34     AC:  7    Str: 20    XL:     3   Next: 21%
Magic:  2/2        EV:  7    Int:  5    God:
Gold:   69         SH:  9    Dex: 10    Spells: 2/2 levels left

rFire    . . .     SeeInvis .   a - +0 war axe
rCold    . . .     Faith    .   c - +0 kite shield
rNeg     . . .     Spirit   .   b - +0 scale mail
rPois    .         Reflect  .   (helmet restricted)
rElec    .         Harm     .   (no cloak)
rCorr    .         Rampage  .   (no gloves)
Will     .....                  (no boots)
Stlth    ..........             (no amulet)
HPRegen  0.11/turn              e - ring of attention
MPRegen  0.08/turn              (no ring)

@: no status effects
A: retaliatory headbutt, horns 2
a: no special abilities


You were on level 2 of the Dungeon.
You visited 1 branch of the dungeon, and saw 2 of its levels.

You collected 69 gold pieces.


Innate Abilities, Weirdness & Mutations

You reflexively headbutt those who attack you in melee.
You have a pair of horns on your head.


   Skills:
 * Level 4.3 Fighting
 + Level 2.9 Axes
 + Level 4.0 Armour
 + Level 4.0 Shields


You had 2 spell levels left.
You didn't know any spells.
Your spell library was empty.

Inventory:

Hand Weapons
 a - a +0 war axe (weapon)
Armour
 b - a +0 scale mail (worn)
 c - a +0 kite shield (worn)
Jewellery
 e - a ring of attention (left hand)
Potions
 d - a potion of might
 f - a potion of degeneration
 k - a potion of heal wounds {unknown}
 l - a potion of curing {unknown}
 m - a potion of flight {unknown}


Message History

No target in view!
Things that are here:
a +2 dagger of draining; a goblin corpse You see here a +0 club.
You open the door.
Done exploring.
No target in view!
No target in view!
Done exploring.
No target in view!
No target in view!
No target in view!
Done exploring.
No target in view!
No target in view!
Done exploring.
No target in view!
No target in view!
Done exploring.
(D) Dungeon
Where to? (? - help)
There is an open door here.
There is a stone staircase leading down here.
You climb downwards.
An adder and a goblin come into view.
The adder hisses angrily.
The goblin shouts!
There is a stone staircase leading up here.
As you read the scroll labelled NUIFOOWKET, it crumbles to dust.
The creatures around you are filled with an inner flame!
It was a scroll of immolation.
The goblin unwields a +0 club.
The goblin wields a +0 hunting sling.
The goblin shoots a stone.
You block the stone.
As you read the scroll labelled FOZIYM EXISHRUY, it crumbles to dust.
It is a scroll of identify.
f - a potion of degeneration
As you read the scroll labelled MEJAMPIG OMAU, it crumbles to dust.
You feel aware of your surroundings.
You sensed 2 altars.
It was a scroll of magic mapping.
The goblin shoots a stone.
The stone hits you. You block the adder's attack.
You take 3 damage.
As you read the scroll labelled KOUPILESTO, it crumbles to dust.
You feel as if something is helping you.
It was a scroll of remove curse.
You block the adder's attack.
You slash the adder!
The adder explodes!
The fiery explosion engulfs you!!
Ouch! That really hurt!
You are engulfed in blazing flames.
Ouch! That really hurt!
You die...

·············░·····░·░·░·░
░░░░░░░····░·▒∙∙∙∙∙▒·░·░·░
░░····░····░·▒∙∙∙∙∙▒·░·░·░
░░·░░·░····░·▒∙∙∙∙∙▒·░·░·░░░░░░░░
░░·░░·░····░·▒∙∙∙∙∙▒···░·········
░░·░░······░·▒∙∙∙∙∙▒░░·░·········
░░·░░░░·░··░·▒∙∙∙∙∙■···░·········
░░······░··▒∙▒###∙∙▒▒▒∙▒·········
░░░░░░░░░··▒∙∙#∙H∙∙∙∙∙∙∙·········
░··········▒▒▒###∙∙▒▒▒▒▒░········
░·░░░░░░░··∙∙∙∙∙∙∙∙■····■········
·········∙∙∙∙∙∙∙∙∙∙▒░░░░░········
░········∙∙∙∙▒∙∙∙(∙▒ ░░░░░░░░░
░········∙∙∙∙▒∙∙∙∙∙▒
░········∙∙∙·▒∙∙∙g∙▒
░········∙∙··▒∙∙∙∙∙▒
░············░░░░░░░


You could see a goblin (inner flame).

Vanquished Creatures
  An adder (D:2)
  2 leopard geckos (D:1)
  4 bats (D:1)
  A giant cockroach (D:1)
  4 goblins (D:1)
  6 hobgoblins (D:1)
  A ball python (D:1)
  3 frilled lizards (D:1)
  8 kobolds (D:1)
  4 rats (D:1)
34 creatures vanquished.

Notes
Turn   | Place    | Note
-------+----------+-------------------------------------------
     0 | D:1      | flappity the Minotaur Fighter began the quest for the Orb.
     0 | D:1      | Reached XP level 1. HP: 19/19 MP: 0/0
   202 | D:1      | Reached XP level 2. HP: 24/27 MP: 1/1
   261 | D:1      | Reached skill level 4 in Fighting
   473 | D:1      | Reached XP level 3. HP: 33/33 MP: 2/2
   478 | D:1      | Reached skill level 4 in Armour
   587 | D:1      | Reached skill level 4 in Shields
   817 | D:2      | HP: 6/34 [spore (25)]
   817 | D:2      | Engulfed by a cloud of flame

Levels and vault maps discovered:
D:1:      sevenhm_arrival_forest_fort_small_3, layout_basic,
          hangedman_glass_teeth
D:2:      layout_basic, fedhas_altar_3, overflow_temple_1_default, minivault_25,
          uniq_sigmund

Action                   || total
-------------------------++-------
Melee: War axe           ||    73
       Headbutt          ||    10
  Use: Scroll            ||     4
Armor: Scale mail        ||    31
Dodge: Dodged            ||    22
Block: Kite shield       ||    55
